 Dungeon Crawl Stone Soup version 0.32-a0-411-g744942f (webtiles) character file.

Game seed: 8272893421049556066

2146 Nithhogg the Dwarven Disaster (level 9, -1/69 (79) HPs)
             Began as a Mountain Dwarf Fighter on Feb 20, 2024.
             Was a Believer of Qazlal.
             Slain by a wight
             ... wielding a +5 flail
              (12 damage)
             ... on level 8 of the Dungeon.
             The game lasted 00:12:49 (7026 turns).

Nithhogg the Dwarven Disaster (MDFi)                Turns: 7026, Time: 00:12:50

HP:   -1/69 (79)    AC: 12    Str: 23    XL:     9   Next: 9%
MP:   14/14         EV:  9    Int: 15    God:    Qazlal [**....]
Gold: 263           SH:  7    Dex: 11    Spells: 8/8 levels left

rFire   . . .        i - +2 flail (venom)
rCold   . . .        c - +0 buckler
rNeg    . . .        b - +0 scale mail
rPois   .            f - +0 mask of the Dragon {Will+ Slay+3 SInv}
rElec   +            (no cloak)
rCorr   .            x - +3 pair of gloves of Hangman {rElec Will++ Dex+2}
SInv    +            (no boots)
Will    +++..        (no amulet) Stlth
                     g - +6 ring of intelligence
HPRegen 0.31/turn    w - ring of see invisible
MPRegen 0.14/turn

%: no passive effects
@: about to teleport, heavily drained
A: runic magic, artefact enchanting
a: Renounce Religion, Upheaval


You were on level 8 of the Dungeon.
You worshipped Qazlal.
Qazlal was pleased with you.
You visited 2 branches of the dungeon, and saw 9 of its levels.

You collected 1268 gold pieces.
You spent 1005 gold pieces at shops.

Inventory:

Hand Weapons
 a - a +0 war axe
 i - a +2 flail of venom (weapon)
 m - a +2 heavy flail
 t - a +4 whip
Missiles
 d - a throwing net (quivered)
Armour
 b - a +0 scale mail (worn)
 c - a +0 buckler (worn)
 f - the +0 mask of the Dragon (worn) {Will+ Slay+3 SInv}
   (You bought it in a shop on level 6 of the Dungeon)

   Slay+3:    It affects your accuracy & damage with ranged weapons and melee
   (+3).
   Will+:     It increases your willpower.
   SInv:      It lets you see invisible.
 x - the +3 pair of gloves of Hangman (worn) {rElec Will++ Dex+2}
   (You bought it in a shop on level 6 of the Dungeon)

   Dex+2:     It affects your dexterity (+2).
   rElec:     It insulates you from electricity.
   Will++:    It greatly increases your willpower.
Jewellery
 g - a +6 ring of intelligence (left hand)
 p - a ring of fire
 w - a ring of see invisible (right hand)
Wands
 j - a wand of flame (8)
 l - a wand of acid (5)
 B - a wand of roots (19)
Scrolls
 e - 2 scrolls of immolation
 h - 3 scrolls of fear
 n - 2 scrolls of vulnerability
 o - a scroll of noise
 r - a scroll of teleportation
 u - a scroll of fog
Potions
 k - a potion of attraction {unknown}
 q - 4 potions of curing {unknown}
 s - a potion of lignification {unknown}
 v - a potion of degeneration {unknown}
 z - a potion of ambrosia {unknown}
 A - a potion of berserk rage


   Skills:
 + Level 7.4 Fighting
 + Level 7.6 Axes
 + Level 7.3 Armour
 - Level 3.2 Shields
 + Level 7.6 Invocations


You had 8 spell levels left.
You didn't know any spells.
Your spell library contained the following spells:

 Spells                   Type           Power      Damage    Failure   Level
 Apportation              Tloc           0%         N/A       36%         1
 Necrotise                Necr           0%         1d4       36%         1
 Shock                    Conj/Air       0%         1d3       36%         1
 Slow                     Hex            0%         N/A       36%         1
 Sting                    Conj/Alch      0%         1d3       36%         1
 Summon Small Mammal      Summ           0%         N/A       36%         1
 Mercury Vapours          Alch/Air       0%         N/A       52%         2
 Scorch                   Fire           0%         2d5       52%         2
 Confusing Touch          Hex            0%         N/A       75%         3
 Sigil of Binding         Hex            0%         N/A       75%         3
 Swiftness                Air            0%         N/A       75%         3
 Vampiric Draining        Necr           0%         2d6       75%         3
 Airstrike                Air            0%         2d(0-16)  98%         4
 Flame Wave               Conj/Fire      0%         2d4       98%         4
 Olgreb's Toxic Radiance  Alch           0%         N/A       98%         4
 Summon Cactus Giant      Summ           0%         N/A       100%        6


Dungeon Overview and Level Annotations

Branches:
Dungeon (8/15)             Temple (1/1) D:4
   Lair: D:8-11

Altars:
Ashenzari
Dithmenos
Elyvilon
Fedhas
Gozag
Hepliaklqana
Nemelex Xobeh
Okawaru
Qazlal
Sif Muna
Uskayaw
Vehumet
Wu Jian
Yredelemnul
The Shining One

Shops:
D:6 [(*


Innate Abilities, Weirdness & Mutations

Your spellcasting is much less encumbered by armour.
You can use scrolls of enchantment on lesser artefacts.


Message History

u - a scroll of fog
Found 8 stones.
You see here 8 stones.
You now have 263 gold pieces (gained 20).
A wight comes into view.
It is wielding a +5 flail. 2 wights come into view.
Found a stone staircase leading up.
Found a stone staircase leading down.
You block the wight's attack. x2
You barely miss the wight. The wight hits you with a +0 war axe.
You feel drained. The wight hits you with a +5 flail!
You feel drained.
You hit the wight but do no damage. You block the wight's attack.
The wight hits you with a +0 dire flail.
You block the wight's attack.
You completely miss the wight. The wight completely misses you.
You block the wight's attack. The wight closely misses you.
You closely miss the wight. You block the wight's attack.
The wight hits you with a +0 dire flail!
You feel drained. The wight closely misses you.
You sock the wight!
The wight is heavily damaged.
The wight hits you with a +5 flail!
The wight hits you with a +0 dire flail!
The wight misses you. You block the wight's attack.
The wight hits you with a +5 flail!
You feel drained. The wight hits you with a +0 war axe.
* * * LOW HITPOINT WARNING * * *
Okay, then.
Press: ? - help, v - describe, . - travel
Here: a wight, wielding a +0 war axe and wearing a +0 robe The floor.
Okay, then.
As you read the scroll of teleportation, it crumbles to dust.
You feel strangely unstable. The wight hits you with a +5 flail!
* * * LOW HITPOINT WARNING * * *
You feel drained.
* * * LOW HITPOINT WARNING * * *
You block the wight's attack. The wight barely misses you.
The wight attacks as it pursues you! The wight closely misses you.
The wight attacks as it pursues you! The wight hits you with a +5 flail!
You die...

## .> #. #.
######.#####
#<.....z.z.#
#.##...###@#
#..#####.# #.
#....# .#.
#.#### ... #.#
##.# #.# #
##... #.#
###..# #.#
.##.#########.#


You could see 2 wights.

Vanquished Creatures
  Grinder (D:3)
  A wyvern (D:7)
  An orc warrior (D:6)
  A black bear (D:6)
  A sky beast (D:7)
  2 ogres
  A bullfrog (D:7)
  2 scorpions
  6 killer bees (D:7)
  2 bombardier beetles
  2 hounds
  A jelly (D:4)
  4 orc priests
  A sleepcap (D:3)
  4 iguanas
  8 orc wizards
  4 gnolls (D:4)
  4 adders
  2 ufetubi
  2 dart slugs
  6 ribbon worms
  17 orcs
  10 ball pythons
  10 endoplasms
  A giant cockroach (D:2)
  20 goblins
  9 hobgoblins
  8 jackals
  2 quokkas
  2 bats
  8 frilled lizards
  8 kobolds
  7 rats
158 creatures vanquished.

Notes
Turn   | Place    | Note
-------+----------+-------------------------------------------
     0 | D:1      | Nithhogg the Mountain Dwarf Fighter began the quest for the
                  | Orb.
     0 | D:1      | Reached XP level 1. HP: 19/19 MP: 1/1
   234 | D:1      | Reached skill level 1 in Invocations
   234 | D:1      | Reached XP level 2. HP: 21/26 MP: 2/2
   419 | D:1      | Reached XP level 3. HP: 29/31 MP: 4/4
   985 | D:2      | Reached XP level 4. HP: 22/40 MP: 5/5
  1490 | D:3      | Noticed Grinder
  1858 | D:3      | Reached XP level 5. HP: 45/45 MP: 7/7
  1913 | D:3      | Killed Grinder
  1914 | D:3      | Reached XP level 6. HP: 16/55 MP: 8/8
  2106 | D:3      | Found a faded altar of an unknown god.
  2609 | D:4      | Reached skill level 5 in Fighting
  2673 | D:4      | Reached skill level 5 in Armour
  2746 | D:4      | Found a staircase to the Ecumenical Temple.
  2825 | Temple   | Entered the Ecumenical Temple
  2840 | Temple   | Became a worshipper of Qazlal Stormbringer
  3074 | D:4      | Identified a scroll of acquirement
  3074 | D:4      | Acquired 727 gold pieces
  3154 | D:4      | Reached skill level 5 in Axes
  3156 | D:4      | Reached XP level 7. HP: 48/61 MP: 10/10
  3303 | D:5      | Entered Level 5 of the Dungeon
  3458 | D:3      | Reached skill level 5 in Invocations
  4445 | D:5      | Reached * piety under Qazlal
  4686 | D:6      | Reached XP level 8. HP: 36/70 MP: 12/12
  5006 | D:6      | Found Jaag Wiff's Antique Weapon Shop.
  5161 | D:6      | Found an ornate altar of the Wu Jian Council.
  5330 | D:6      | Found Jiesug Qari's Antique Armour Shop.
  5336 | D:6      | Bought a pair of jewelled gloves for 237 gold pieces
  5336 | D:6      | Identified the +3 pair of gloves of Hangman {rElec Will++
                  | Dex+2} (You bought it in a shop on level 6 of the Dungeon)
  5579 | D:6      | Found Xuogheene's Assorted Antiques.
  5587 | D:6      | Bought the +0 mask of the Dragon {Will+ Slay+3 SInv} for
                  | 768 gold pieces
  5587 | D:6      | Found the +0 mask of the Dragon {Will+ Slay+3 SInv}
  6040 | D:7      | Reached ** piety under Qazlal
  6579 | D:7      | Reached XP level 9. HP: 79/79 MP: 14/14
  7026 | D:8      | Slain by a wight

Illustrated notes

Levels and vault maps discovered:
D:1:      minmay_arrival_shattered_statue, layout_loops_ring, serial_forest,
          infiniplex_forest_lined_room_3, infiniplex_forest_lined_corner,
          infiniplex_forest_clump_curved, infiniplex_forest_clump_small,
          infiniplex_forest_zigzag_2, infiniplex_forest_lined_room_3,
          infiniplex_forest_end_double, infiniplex_forest_zigzag_1,
          infiniplex_forest_fountain
D:2:      layout_rooms
D:3:      layout_basic, ebering_ecumenical_altar_webs, minmay_misc_feat_cross,
          minmay_ogre_servants, uniq_grinder
D:4:      layout_loops_cross, minmay_temple_entry_statues_fountains,
          nicolae_wormholes
D:5:      layout_cave_pools
D:6:      layout_basic, mainiacjoe_overflow_paths, serial_shops, shop, shop,
          shop
D:7:      layout_basic
D:8:      layout_basic, gammafunk_temple_overflow_pools,
          grunt_lair_entry_orc_guard_hut, nicolae_shop_self_help, uniq_grum
Temple:   eino_narrow_crystal_temple

Skill      XL: |  1  2  3  4  5  6  7  8 |
---------------+-------------------------+-----
Invocations    | 1 2 3 4 5 7 |  7.6
Axes           | 3 4 5 6 7 |  7.6
Fighting       | 4 5 6 7 |  7.4
Armour         | 4 5 6 7 |  7.3
Shields        | |  3.2

Action                     |  1- 3 |  4- 6 |  7- 9 || total
---------------------------+-------+-------+-------++-------
  Melee: War axe           |   118 |   113 |       ||   231
         Flail             |       |    47 |   210 ||   257
    Use: Scroll            |       |     3 |     9 ||    12
         Potion            |       |     1 |     1 ||     2
 Armour: Scale mail        |   109 |   105 |   212 ||   426
  Dodge: Dodged            |    69 |    68 |   115 ||   252
  Block: Buckler           |    20 |    24 |    74 ||   118

Table legend: (Time is in decaauts)
 A = Elapsed time spent in this place.
 B = Non-inter-level travel time spent in this place.
 C = Inter-level travel time spent in this place.
 D = Time resting spent in this place.
 E = Time spent auto-exploring this place.
 F = Levels seen in this place.
 G = Mean time per level.
                   A        B        C        D        E       F      G
               +--------+--------+--------+--------+--------+-----+--------+
         Total |   7179 |   6828 |    351 |    256 |   5371 |   9 |  797.7 |
       Dungeon |   7148 |   6827 |    321 |    256 |   5371 |   8 |  893.5 |
        Temple |     30 |      1 |     29 |      0 |      0 |   1 |   30.0 |
               +--------+--------+--------+--------+--------+-----+--------+

Top non-repeatable levels by time:
     D:4: 1308 daAuts
     D:7: 1193 daAuts
     D:3: 1149 daAuts
     D:6: 1143 daAuts
     D:1: 965 daAuts
     D:5: 710 daAuts
     D:2: 601 daAuts
     D:8: 76 daAuts
  Temple: 30 daAuts
